Map: Dreamcatcher LE

Players

RazerBlader

  • Race: Terran Terran
  • League: Master
  • Spawn Location: 5:00

NERFTERRANXD - Winner!

  • Race: Terran Terran
  • League: Grandmaster
  • Spawn Location: 11:00

VOD

Have the link to the VOD?

Description

Time

  • Played on: Aug. 14, 2018, 10:05 a.m.
  • Length: 11:07
Show
View Real Time Build Order
Export as new Build Order

RazerBlader Terran 

Build Orders: Cyclone Opening, MMM Bio 

Get SALT Encoding   

  12  0:02  SCV  
  14  0:14  SCV  
  14  0:17  Supply Depot  
  14  0:26  SCV  
  15  0:29  Refinery  
  15  0:39  SCV  
  16  0:45  Barracks  
  16  0:51  SCV  
  17  0:59  Refinery  
  17  1:03  SCV  
  18  1:15  SCV  
  19  1:32  Orbital Command, Reaper  
  19  1:36  Factory  
  20  1:45  Supply Depot  
  20  1:57  SCV  
  21  2:05  Reaper  
  22  2:10  SCV  
  23  2:20  Hellion  
  23  2:22  SCV  
  26  2:32  Command Center  
  26  2:34  SCV  
  27  2:38  Barracks Reactor  
  27  2:40  Supply Depot  
  26  2:47  Cyclone  
  26  2:50  SCV  
  30  3:00  Starport  
  30  3:02  SCV  
  31  3:14  SCV  
  31  3:15  Marine x2  
  33  3:20  Factory Tech Lab  
  33  3:26  SCV  
  34  3:34  Marine x2  
  34  3:38  SCV  
  37  3:43  Orbital Command  
  40  3:50  Raven, SCV  
  40  3:52  Marine x2  
  42  3:56  Cyclone  
  45  4:03  SCV  
  45  4:09  SCV  
  47  4:10  Supply Depot, Marine x2  
  47  4:15  SCV  
  50  4:22  SCV  
  51  4:24  Barracks  
  51  4:27  SCV  
  51  4:29  Engineering Bay, Factory Tech Lab  
  52  4:34  SCV  
  53  4:39  SCV, Barracks  
  53  4:40  Stimpack  
  54  4:46  SCV  
  54  4:47  Marine  
  54  4:48  Starport Reactor  
  54  4:51  SCV  
  54  4:52  Supply Depot  
  57  4:54  Siege Tank  
  57  4:58  SCV  
  61  5:00  Refinery  
  61  5:03  Supply Depot, SCV  
  62  5:09  Supply Depot  
  62  5:13  SCV, Marine  
  64  5:15  SCV  
  64  5:20  Supply Depot  
  64  5:21  Refinery  
  65  5:25  SCV  
  66  5:29  Marine x2  
  66  5:31  Marine  
  66  5:32  Siege Tank  
  66  5:33  Marine  
  66  5:34  Marine  
  66  5:35  SCV  
  75  5:38  Starport Reactor  
  75  5:39  SCV  
  76  5:44  Supply Depot  
  76  5:47  SCV, Marine x2  
  79  5:51  Marine  
  79  5:52  Marine  
  81  5:59  Marine  
  81  6:00  Supply Depot  
  81  6:01  SCV  
  81  6:04  Supply Depot, SCV  
  83  6:05  Siege Tank, Marine x2  
  83  6:09  Marine  
  83  6:11  Supply Depot, Marine  
  90  6:13  SCV  
  90  6:16  Medivac  
  90  6:17  Medivac  
  96  6:21  Marauder  
  96  6:23  SCV  
  99  6:39  Marine  
  99  6:40  Combat Shield  
  99  6:43  Command Center  
  98  6:47  Marine  
  98  6:48  Marauder  
  93  7:03  SCV, Marine  
  93  7:05  Barracks  
  93  7:06  Barracks  
  82  7:15  Marine  
  82  7:16  Marauder, Marine  
  82  7:20  Marine  
  78  7:28  SCV x2  
  78  7:29  Marine  
  81  7:33  Marine  
  71  7:37  Marine  
  71  7:38  Marauder, Marine  
  71  7:40  SCV x2  
  72  7:47  Engineering Bay, Marine  
  72  7:49  Engineering Bay  
  72  7:51  Medivac x2  
  77  7:52  SCV  
  77  7:56  Barracks Tech Lab  
  78  7:58  Barracks Tech Lab  
  78  7:59  Marauder  
  78  8:00  SCV x2  
  78  8:04  SCV  
  83  8:09  Marine  
  83  8:10  Marine  
  83  8:12  SCV  
  86  8:13  Orbital Command  
  86  8:17  Terran Infantry Weapons Level 1  
  86  8:18  Terran Infantry Armor Level 1  
  86  8:22  Marauder, Marine x2  
  86  8:23  Marine x2  
  85  8:28  Marine  
  80  8:34  Marine  
  80  8:39  Medivac  
  80  8:40  SCV, Medivac  
  80  8:41  SCV x2  
  86  8:42  Marauder x2  
  86  8:46  Siege Tank  
  93  8:49  Marauder  
  93  8:53  SCV  
  96  8:57  Refinery, SCV  
  96  8:58  Refinery  
  97  9:03  Marauder  
  97  9:05  Starport, SCV  
  97  9:07  Missile Turret  
  97  9:09  Missile Turret, SCV  
  101  9:10  SCV  
  101  9:11  Missile Turret, Supply Depot  
  101  9:12  Supply Depot  
  101  9:14  Viking  
  104  9:18  SCV  
  104  9:19  Starport  
  105  9:24  SCV x2  
  105  9:31  SCV  
  102  9:32  Liberator  
  102  9:33  Viking  
  102  9:37  SCV x2  
  101  9:43  SCV  
  101  9:44  Liberator, Viking  
  104  9:46  Siege Tank  
  104  9:51  SCV x2  
  112  9:55  SCV  
  113  10:03  SCV x2, Viking  
  120  10:07  SCV  
  120  10:11  Viking  
  123  10:15  SCV  
  115  10:22  Command Center  
  115  10:25  Marauder x2, Marine  
  110  10:30  Viking x2  
  108  10:36  Viking  
  108  10:42  Marauder, Marine x2  
  107  10:46  Marine  
Show
View Real Time Build Order
Export as new Build Order

NERFTERRANXD Terran - Winner!

Build Orders: Reaper Expand, Mech 

Get SALT Encoding   

  12  0:02  SCV  
  13  0:14  SCV  
  13  0:17  Supply Depot  
  14  0:26  SCV  
  15  0:38  SCV  
  15  0:39  Barracks  
  16  0:43  Refinery  
  16  0:50  SCV  
  17  1:02  SCV  
  18  1:15  SCV  
  19  1:28  Orbital Command, Reaper  
  20  1:43  Command Center  
  20  1:54  SCV  
  20  1:55  Supply Depot  
  20  2:00  Reaper  
  22  2:02  Refinery  
  22  2:06  SCV  
  23  2:19  Bunker, SCV  
  24  2:24  Factory  
  24  2:31  SCV  
  24  2:33  Barracks Reactor  
  25  2:43  SCV  
  26  2:55  Orbital Command, SCV  
  27  3:07  SCV  
  28  3:19  Cyclone  
  31  3:20  Cyclone  
  31  3:21  SCV  
  31  3:23  SCV  
  36  3:33  SCV  
  37  3:35  SCV, Command Center  
  37  3:45  SCV  
  37  3:47  Supply Depot  
  37  3:48  SCV  
  39  3:52  Cyclone  
  42  3:57  Refinery  
  42  3:59  SCV  
  42  4:00  Refinery, SCV  
  44  4:08  Cyclone  
  47  4:11  Barracks Tech Lab  
  47  4:13  SCV  
  47  4:15  SCV  
  49  4:25  SCV  
  49  4:27  SCV  
  51  4:37  SCV  
  52  4:39  SCV  
  52  4:45  Starport  
  53  4:47  Siege Tank, Orbital Command  
  53  4:49  SCV  
  53  4:50  Factory  
  58  4:52  SCV  
  58  4:53  Barracks Reactor  
  58  5:01  SCV  
  58  5:05  Supply Depot, SCV  
  60  5:13  SCV  
  61  5:17  SCV  
  61  5:19  Siege Tank, Orbital Command  
  65  5:22  Medivac x2  
  65  5:23  Supply Depot  
  65  5:27  SCV  
  65  5:28  Supply Depot  
  70  5:29  Supply Depot, SCV  
  70  5:34  Factory  
  71  5:39  Barracks Tech Lab, SCV  
  71  5:41  SCV  
  73  5:44  SCV  
  73  5:47  Hellion x2  
  78  5:50  Refinery  
  78  5:51  Supply Depot, SCV  
  78  5:53  SCV  
  78  5:55  Siege Tank  
  78  5:56  SCV, Viking  
  86  6:01  Viking  
  86  6:03  SCV  
  89  6:05  Refinery  
  89  6:07  Supply Depot, SCV  
  89  6:10  Hellion x2  
  94  6:12  SCV  
  94  6:17  SCV  
  96  6:24  Armory  
  96  6:26  SCV  
  96  6:27  Armory, Engineering Bay  
  96  6:30  SCV  
  96  6:31  Siege Tank  
  101  6:36  SCV  
  101  6:37  Supply Depot  
  102  6:40  Hellion  
  102  6:41  Hellion  
  102  6:42  Hellion  
  108  6:47  Supply Depot  
  108  6:48  Viking  
  108  6:51  SCV  
  108  7:00  Barracks Reactor  
  108  7:02  Hellion  
  108  7:03  Factory  
  108  7:04  Viking  
  108  7:07  Factory  
  112  7:08  SCV  
  112  7:10  SCV  
  112  7:11  Missile Turret  
  112  7:13  Hellion  
  107  7:16  Hellion  
  107  7:19  SCV, Hellion  
  97  7:24  Hellion  
  90  7:34  Hellion  
  83  7:38  Siege Tank, Terran Vehicle Weapons Level 1  
  83  7:39  Terran Vehicle And Ship Armor Level 1  
  83  7:40  Hellion  
  83  7:41  SCV  
  83  7:43  SCV  
  90  7:44  SCV  
  90  7:51  Viking x2  
  93  7:53  SCV  
  93  7:55  SCV  
  97  7:59  Factory Tech Lab  
  97  8:00  SCV  
  97  8:01  Siege Tank  
  97  8:05  Sensor Tower, Hellion  
  103  8:06  SCV  
  103  8:09  SCV  
  103  8:11  Siege Tank  
  108  8:14  Hellion  
  108  8:17  Infernal Pre-Igniter  
  112  8:20  Hellion  
  112  8:24  Siege Tank, Hellion  
  117  8:33  Siege Tank  
  118  8:35  Hellion  
  118  8:36  Hellion  
  120  8:43  Siege Tank, Supply Depot, Liberator  
  120  8:47  Liberator  
  123  8:51  Hellion  
  123  8:52  Smart Servos, Command Center  
  125  8:56  Siege Tank  
  125  8:57  Supply Depot  
  131  9:03  Supply Depot  
  131  9:05  Siege Tank  
  131  9:07  Hellion  
  139  9:11  Supply Depot  
  139  9:13  Supply Depot  
  139  9:15  Supply Depot  
  139  9:16  Hellion  
  141  9:19  Siege Tank, Hellion  
  141  9:23  Supply Depot  
  146  9:28  Siege Tank, Hellion  
  146  9:31  Hellion  
  153  9:37  Hellion  
  153  9:38  Siege Tank  
  158  9:43  Viking  
  160  9:46  Missile Turret x2  
  160  9:47  Missile Turret  
  160  9:51  Siege Tank, Viking  
  165  9:55  Supply Depot  
  165  9:57  Supply Depot, Hellion x2  
  165  9:59  Hellion  
  171  10:05  Hellion  
  171  10:07  Missile Turret, SCV x3  
  176  10:17  Sensor Tower  
  176  10:21  Siege Tank, Hellion  
  176  10:22  SCV  
  176  10:24  Siege Tank, Hellion  
  178  10:33  SCV  
  184  10:36  SCV  
  184  10:40  Hellion  
  184  10:42  Hellion  
Tags
 
Add a new tag
Caveats
  • Supply blocks, unpowered buildings, or Contaminate may cause inaccurate times.
  • Supply counts are checked every 10 seconds.